 Dungeon Crawl Stone Soup version 0.27-a0-836-gfc908b8576 (webtiles) character file.

Game seed: 17051256582168309438

756 durn the Conjurer (level 8, -1/52 HPs)
             Began as a Human Conjurer on Mar 31, 2021.
             Killed from afar by Dowan (21 damage)
             ... with a shard of ice
             ... on level 5 of the Dungeon.
             The game lasted 00:22:04 (4573 turns).

durn the Conjurer (Human Conjurer)                  Turns: 4573, Time: 00:22:05

Health: -1/52      AC:  2    Str:  9    XL:     8   Next: 7%
Magic:  2/15       EV: 13    Int: 20    God:
Gold:   200        SH:  0    Dex: 11    Spells: 6/16 levels left

rFire    . . .     SeeInvis .   i - +1 dagger (freeze)
rCold    . . .     Faith    .   (no shield)
rNeg     . . .     Spirit   .   a - +0 robe
rPois    .         Reflect  .   (no helmet)
rElec    .         Harm     .   (no cloak)
rCorr    .         Rampage  .   (no gloves)
Will     .....                  (no boots)
Stlth    ++........             (no amulet)
HPRegen  0.17/turn              (no ring)
MPRegen  0.14/turn              (no ring)

@: no status effects
A: no striking features
a: no special abilities


You were on level 5 of the Dungeon.
You visited 1 branch of the dungeon, and saw 5 of its levels.

You collected 200 gold pieces.

Inventory:

Hand Weapons
 g - a +0 dagger
 i - a +1 dagger of freezing (weapon)
Armour
 a - a +0 robe (worn)
 p - a scarf of shadows
Wands
 n - a wand of charming (13)
 w - a wand of mindburst (13)
Scrolls
 b - 2 scrolls of fear {unknown}
 d - 2 scrolls of noise {unknown}
 e - 6 scrolls of teleportation {unknown}
 f - 2 scrolls of identify {unknown}
 k - a scroll of enchant weapon {unknown}
 m - a scroll of blinking {unknown}
 r - a scroll of summoning {unknown}
 u - a scroll of vulnerability {unknown}
 v - a scroll of enchant armour {unknown}
Potions
 c - a potion of lignification {unknown}
 h - 4 potions of curing {unknown}
 j - a potion of flight {unknown}
 l - 2 potions of invisibility {unknown}
 o - a potion of attraction {unknown}
 q - a potion of might {unknown}
 s - a potion of haste {unknown}
 t - a potion of resistance {unknown}


   Skills:
 + Level 4.0 Dodging
 + Level 4.4 Stealth
 * Level 4.9 Spellcasting
 + Level 5.8 Conjurations


You had 6 spell levels left.
You knew the following spells:

 Your Spells              Type           Power      Damage    Failure   Level
a - Magic Dart            Conj           100%       1d8       1%          1
b - Searing Ray           Conj           56%        3d5       1%          2
c - Dazzling Flash        Conj/Hex       32%        N/A       11%         3
d - Fulminant Prism       Conj/Hex       8%         3d7       34%         4

Your spell library contained the following spells:

 Spells                   Type           Power      Damage    Failure   Level
 Iskenderun's Mystic Bla  Conj/Tloc      16%        2d5       34%         4


Dungeon Overview and Level Annotations

Branches:
Dungeon (5/15)
 Temple: D:4-7

Altars:
Fedhas
Makhleb

Annotations:
D:5 Dowan


Message History

Duvessa barely misses you. Duvessa completely misses you.
Dowan points at you and mumbles some strange words.
You resist with some effort.
Casting: Searing Ray (safe; 1% risk of failure)
Confirm with . or Enter, or press ? or * to list all spells.
You miscast Dazzling Flash.
You are very lightly contaminated with residual magic.
Nothing appears to happen.
Duvessa hits you with a +0 short sword!
Casting: Dazzling Flash (dangerous; 11% risk of failure)
Confirm with . or Enter, or press ? or * to list all spells.
Duvessa is dazzled.
Dowan is dazzled.
Duvessa barely misses you. Dowan barely misses you. Dowan closely misses you.
Duvessa is no longer blind.
Casting: Dazzling Flash (dangerous; 11% risk of failure)
Confirm with . or Enter, or press ? or * to list all spells.
Aiming: Searing Ray (safe; 1% risk of failure)
Press: ? - help, Shift-Dir - straight line, f/p - Duvessa
Aim: Duvessa, wielding a +0 short sword and wearing a +0 scale mail (heavily wounded, 15% to evade)
The searing ray hits Duvessa but does no damage.
Duvessa is heavily wounded. (Press . to maintain the ray.) Dowan gestures at Duvessa while chanting.
The puff of flame hits Duvessa!
Duvessa hits you with a +0 short sword.
The searing ray hits Duvessa!
You kill Duvessa!
Dowan screams, "No!
No!"
Dowan is no longer blind.
Your Dodging skill increases to level 4!
You have reached level 8!
You feel stronger.
Dowan seems to find hidden reserves of power!
Dowan hits you with a +0 dagger.
Your magical contamination has completely faded away.
Dowan completely misses you. Dowan barely misses you.
Dowan casts a spell at you. The shard of ice hits you!!
You die...

######
##......>...##....
##........##.....
#.......†#...#...
#..........###...
#...#....### #...
#......### #....
#....### #.... .##
##..### #.... #..#
##@.## ##... .#.##
##e.## ##..
....#### ##..##
### ....##.##
##..##
........####..##
.........##..##
............##
........)...##
.............##


You could see Dowan (fast).

Vanquished Creatures
  Duvessa (D:5)
  An ogre (D:4)
  A scorpion (D:5)
  A howler monkey (D:4)
  2 bullfrog zombies
  2 centaur skeletons (D:5)
  5 hounds
  A jelly (D:5)
  2 orc wizards (D:5)
  An iguana (D:4)
  A gnoll (D:4)
  3 adders
  2 adder skeletons (D:4)
  2 dart slugs
  3 orcs
  4 endoplasms
  4 giant cockroaches
  7 goblins
  11 hobgoblins
  12 jackals
  3 quokkas
  5 ball pythons
  3 bats
  2 frilled lizards
  11 kobolds
  2 rats
92 creatures vanquished.

Vanquished Creatures (others)
  5 plants (D:1)
5 creatures vanquished.

Grand Total: 97 creatures vanquished

Notes
Turn   | Place    | Note
-------+----------+-------------------------------------------
     0 | D:1      | durn the Human Conjurer began the quest for the Orb.
     0 | D:1      | Reached XP level 1. HP: 13/13 MP: 3/3
   470 | D:1      | Reached XP level 2. HP: 19/19 MP: 0/5
   670 | D:1      | Reached XP level 3. HP: 12/24 MP: 4/6
   823 | D:1      | Learned a level 2 spell: Searing Ray
  1432 | D:2      | Reached XP level 4. HP: 24/30 MP: 0/7
  1734 | D:3      | Found a burning altar of Makhleb.
  2117 | D:3      | Reached XP level 5. HP: 34/35 MP: 4/9
  2760 | D:4      | Reached skill level 5 in Conjurations
  3029 | D:4      | Noticed an ogre
  3038 | D:4      | Killed an ogre
  3039 | D:4      | Reached XP level 6. HP: 41/41 MP: 4/11
  3517 | D:4      | Reached XP level 7. HP: 26/46 MP: 2/13
  3968 | D:4      | Found a blossoming altar of Fedhas.
  4022 | D:5      | Entered Level 5 of the Dungeon
  4476 | D:5      | Noticed Duvessa
  4540 | D:5      | Learned a level 3 spell: Dazzling Flash
  4545 | D:5      | Learned a level 4 spell: Fulminant Prism
  4548 | D:5      | Noticed Dowan
  4566 | D:5      | Killed Duvessa
  4567 | D:5      | Reached XP level 8. HP: 25/52 MP: 1/15
  4573 | D:5      | Killed from afar by Dowan

Illustrated notes

Levels and vault maps discovered:
D:1:      dpeg_arrival_lava_temple_mockup, layout_loops_ring,
          serial_bayou_lake_a
D:2:      layout_rooms
D:3:      layout_rooms, makhleb_heckhound_becter
D:4:      minmay_razor_zed, layout_basic, fedhas_altar_4
D:5:      layout_cave_pods, led_xom_imps, uniq_duvessa

Skill      XL: |  1  2  3  4  5  6  7 |
---------------+----------------------+-----
Spellcasting   | 3 4 |  4.9
Stealth        | 3 4 |  4.4
Conjurations   | 5 |  5.8
Dodging        | 3 4 |  4.0

Action                   |  1- 3 |  4- 6 |  7- 9 || total
-------------------------+-------+-------+-------++-------
Melee: Dagger            |    40 |    53 |     6 ||    99
 Cast: Magic Dart        |    55 |    72 |    45 ||   172
       Searing Ray       |       |     8 |     7 ||    15
       Dazzling Flash    |       |       |     1 ||     1
Armor: Robe              |     6 |     8 |     2 ||    16
Dodge: Dodged            |    24 |    66 |    31 ||   121

Table legend: (Time is in decaauts)
 A = Elapsed time spent in this place.
 B = Non-inter-level travel time spent in this place.
 C = Inter-level travel time spent in this place.
 D = Time resting spent in this place.
 E = Time spent auto-exploring this place.
 F = Levels seen in this place.
 G = Mean time per level.
                   A        B        C        D        E       F      G
               +--------+--------+--------+--------+--------+-----+--------+
         Total |   4610 |   2438 |   2172 |   1589 |      0 |   5 |  922.0 |
       Dungeon |   4610 |   2438 |   2172 |   1589 |      0 |   5 |  922.0 |
               +--------+--------+--------+--------+--------+-----+--------+

Top non-repeatable levels by time:
     D:4: 1679 daAuts
     D:1: 1294 daAuts
     D:3: 678 daAuts
     D:5: 550 daAuts
     D:2: 406 daAuts
